 Dungeon Crawl Stone Soup version 0.29.1-1-gd02db6906a (webtiles) character file.

Game seed: 9451128077963203947

268 Godmorgon the Conjurer (level 6, -8/32 HPs)
             Began as a Tengu Conjurer on Oct 9, 2022.
             Mangled by Edmund
             ... wielding a +2 vorpal dire flail
              (10 damage)
             ... on level 4 of the Dungeon.
             The game lasted 00:17:38 (5219 turns).

Godmorgon the Conjurer (Tengu Conjurer)             Turns: 5219, Time: 00:17:38

Health: -8/32      AC:  2    Str:  7    XL:     6   Next: 21%
Magic:  4/14       EV: 14    Int: 21    God:
Gold:   133        SH:  0    Dex: 12    Spells: 11/14 levels left

rFire   . . .      SeeInvis .   a - +0 dagger (venom)
rCold   . . .      Faith    .   (no shield)
rNeg    . . .      Spirit   .   g - +0 robe
rPois   +          Reflect  .   (helmet restricted)
rElec   .          Harm     .   (no cloak)
rCorr   .          Rampage  .   (no gloves)
Will    .....                   (boots unavailable)
Stlth   ++........              (no amulet)
HPRegen 0.10/turn               n - ring of poison resistance
MPRegen 0.14/turn               (no ring)

@: flying quickly and evasively, quick
A: beak, talons 3, nimble flight
a: no special abilities


You were on level 4 of the Dungeon.
You visited 2 branches of the dungeon, and saw 5 of its levels.

You collected 133 gold pieces.

Inventory:

Hand Weapons
 a - a +0 dagger of venom (weapon)
 s - the +2 long sword of Zyosona {drain, rPois}
   (You found it on level 2 of the Dungeon)

   A truly terrible weapon, it drains the life of any living foe it strikes.
   rPois:     It protects you from poison.
Missiles
 o - 3 boomerangs
Armour
 g - a +0 robe (worn)
Jewellery
 n - a ring of poison resistance (left hand)
 A - an amulet of guardian spirit
Wands
 w - a wand of polymorph (9)
Scrolls
 d - 2 scrolls of fog
 i - a scroll of blinking {unknown}
 j - a scroll of noise {unknown}
 k - 6 scrolls of teleportation
 l - 2 scrolls of identify {unknown}
 q - a scroll of fear {unknown}
 v - a scroll of enchant weapon {unknown}
 x - 2 scrolls of vulnerability {unknown}
 y - a scroll of silence {unknown}
 B - a scroll of magic mapping {unknown}
 C - a scroll of acquirement {unknown}
Potions
 b - a potion of magic
 c - 2 potions of attraction {unknown}
 e - a potion of ambrosia {unknown}
 f - 3 potions of degeneration {unknown}
 h - 4 potions of curing {unknown}
 m - 2 potions of brilliance {unknown}
 p - a potion of flight {unknown}
 r - a potion of haste
 t - 3 potions of heal wounds {unknown}
 u - a potion of resistance {unknown}
 z - a potion of might {unknown}


   Skills:
 - Level 2.1 Dodging
 - Level 2.0 Stealth
 * Level 4.9 Spellcasting
 + Level 7.0 Conjurations


You had 11 spell levels left.
You knew the following spells:

 Your Spells              Type           Power      Damage    Failure   Level
d - Magic Dart            Conj           100%       1d8       1%          1
s - Searing Ray           Conj           68%        2d6       1%          2

Your spell library contained the following spells:

 Spells                   Type           Power      Damage    Failure   Level
 Dazzling Flash           Conj/Hex       38%        N/A       8%          3
 Fulminant Prism          Conj/Hex       9%         3d7       26%         4
 Iskenderun's Mystic Bla  Conj/Tloc      19%        2d6       26%         4


Dungeon Overview and Level Annotations

Branches:
Dungeon (4/15)             Temple (1/1) D:4

Altars:
Cheibriados
Elyvilon
Fedhas
Gozag
Hepliaklqana
Makhleb
Okawaru
Ru
Trog
Uskayaw
Wu Jian
Xom
The Shining One

Annotations:
D:4 Edmund


Innate Abilities, Weirdness & Mutations

You have a beak for a mouth.
You have claws for feet.
Your magical nature lets you fly swiftly and evasively.


Message History

The searing ray hits Edmund but does no damage. (Press . to maintain the ray.)
The searing ray hits Edmund.
Edmund is lightly wounded.
The searing ray hits Edmund.
Edmund is lightly wounded.
Edmund closely misses you.
Okay, then.
Okay, then.
Okay, then.
Casting: Searing Ray (safe; 1% risk of failure)
Confirm with . or Enter, or press ? or * to list all spells.
Restarting spell: Searing Ray (safe; 1% risk of failure)
Press: ? - help, Shift-Dir - straight line, f/p - Edmund
Aim: Edmund, wielding a +2 vorpal dire flail and wearing a +0 scale mail (lightly wounded, 83% to hit)
The searing ray hits Edmund.
Edmund is moderately wounded. (Press . to maintain the ray.) Edmund barely misses you.
The searing ray hits Edmund.
Edmund is moderately wounded.
Edmund hits you with a +2 vorpal dire flail!
The searing ray hits Edmund!
Edmund is severely wounded.
Edmund hits you with a +2 vorpal dire flail.
The searing ray hits Edmund.
Edmund is severely wounded.
You finish channelling your searing ray.
Edmund hits you with a +2 vorpal dire flail!
* * * LOW HITPOINT WARNING * * *
x2
Casting: Searing Ray (safe; 1% risk of failure)
Confirm with . or Enter, or press ? or * to list all spells.
Aiming: Searing Ray (safe; 1% risk of failure)
Press: ? - help, Shift-Dir - straight line, f/p - Edmund
Aim: Edmund, wielding a +2 vorpal dire flail and wearing a +0 scale mail (severely wounded, 83% to hit)
The searing ray hits Edmund.
Edmund is severely wounded. (Press . to maintain the ray.) Edmund hits you with a +2 vorpal dire flail!
You die...

## # #. #.############
######.
#.#..>.........###......
#......@..####..##......
....#..@..# ##......... ..
+..#..########.####.
##.#...........# #.
#.##...#'#....####.
...##.###..#.#....##...
#..........#.#.....#.##
########.###...#.#.....#.##
#....# #.# #..##.##........


You could see Edmund.

Vanquished Creatures
  An ogre (D:4)
  4 gnolls (D:3)
  4 adders
  A worm (D:2)
  3 dart slugs
  9 orcs
  10 endoplasms
  4 giant cockroaches
  7 goblins
  8 hobgoblins
  5 jackals
  8 kobolds
  4 quokkas
  12 ball pythons
  3 bats
  2 frilled lizards
  6 rats
91 creatures vanquished.

Notes
Turn   | Place    | Note
-------+----------+-------------------------------------------
     0 | D:1      | Godmorgon the Tengu Conjurer began the quest for the Orb.
     0 | D:1      | Reached XP level 1. HP: 10/10 MP: 4/4
   278 | D:1      | Reached XP level 2. HP: 15/15 MP: 3/6
   281 | D:1      | Learned a level 2 spell: Searing Ray
   907 | D:1      | Reached XP level 3. HP: 19/19 MP: 5/8
  1974 | D:2      | Reached skill level 6 in Conjurations
  1975 | D:2      | Reached XP level 4. HP: 20/24 MP: 3/10
  1979 | D:2      | Identified the +2 long sword of Zyosona {drain, rPois}
  2742 | D:3      | Found a hazy altar of Hepliaklqana.
  3091 | D:3      | Gained mutation: Your magical nature lets you fly swiftly
                  | and evasively. [Tengu growth]
  3091 | D:3      | Reached XP level 5. HP: 28/28 MP: 1/12
  3881 | D:4      | Found an iron altar of Okawaru.
  3986 | D:4      | Found a sacrificial altar of Ru.
  3994 | D:4      | Noticed Edmund
  4108 | D:4      | Found a staircase to the Ecumenical Temple.
  4122 | Temple   | Entered the Ecumenical Temple
  4576 | D:4      | Noticed an ogre
  4622 | D:4      | Killed an ogre
  4623 | D:4      | Reached skill level 7 in Conjurations
  4623 | D:4      | Reached XP level 6. HP: 4/32 MP: 5/14
  5218 | D:4      | HP: 1/32 [Edmund/+2 vorpal dire flail (2)]
  5219 | D:4      | Mangled by Edmund

Illustrated notes

Levels and vault maps discovered:
D:1:      nicolae_arrival_memento_mori, layout_loops_corners,
          minmay_stone_trees_small, minivault_24
D:2:      layout_basic
D:3:      minmay_recursive_quarters, layout_rooms, nzn_hepliaklqana_mist_gate,
          chequers_serial_rivers_micro_b
D:4:      minmay_diamond_boxcup, layout_basic,
          mainiacjoe_overflow_surrounded_room, overflow_temple_1_default,
          minmay_temple_entry_wispy, uniq_edmund
Temple:   nicolae_temple_two_arcs

Skill      XL: |  1  2  3  4  5 |
---------------+----------------+-----
Spellcasting   | 3 4 |  4.9
Conjurations   | 6 7 |  7.0
Dodging        | |  2.1
Stealth        | |  2.0

Action                   |  1- 3 |  4- 6 || total
-------------------------+-------+-------++-------
Melee: Dagger            |    14 |     5 ||    19
       Unarmed           |     6 |       ||     6
       Kick              |     6 |       ||     6
       Peck              |     3 |       ||     3
       Punch             |       |     1 ||     1
 Cast: Magic Dart        |    39 |    47 ||    86
       Searing Ray       |    10 |    37 ||    47
  Use: Scroll            |       |     2 ||     2
 Stab: Sleeping          |       |     1 ||     1
Armor: Robe              |     7 |     1 ||     8
Dodge: Dodged            |    17 |    13 ||    30
